 Dungeon Crawl Stone Soup version 0.17-a0-1181-gabc46e6 (webtiles) character file.

338 MonkeyBuisness the Shield-Bearer (level 6, 0/39 HPs)
             Began as a Gargoyle Fighter on May 31, 2015.
             Slain by a worm (3 damage)
             ... on level 4 of the Dungeon.
             The game lasted 00:09:07 (3382 turns).

MonkeyBuisness the Shield-Bearer (Gargoyle Fighter) Turns: 3382, Time: 00:09:07

Health: 0/39       AC: 11    Str: 20    XL:     6   Next: 55%
Magic:  6/6        EV:  7    Int:  8    God:
Gold:   257        SH: 11    Dex: 11    Spells: 0 memorised, 5 levels left

rFire  . . .     SeeInvis .     x - -3 whip (curse)
rCold  . . .     Clarity  .     b - +0 scale mail
rNeg   + + .     SustAt   .     c - +1 shield
rPois  ∞         Gourm    .     (no helmet)
rElec  +         Spirit   .     (no cloak)
rCorr  .         Warding  +     (no gloves)
rMut   .         Stasis   .     (no boots)
MR     .....                    q - amulet of warding {Ward, rN+, !d}
Stlth  ..........               (no ring)
                                (no ring)

@: not resistant to hostile enchantments, extremely unstealthy
A: negative energy resistance 1, electricity resistance, unbreathing,
petrification resistance, rot immunity, AC +4
a: no special abilities


You were on level 4 of the Dungeon.
You were very hungry.

You visited 1 branch of the dungeon, and saw 4 of its levels.

You collected 257 gold pieces.

Inventory:

Hand weapons
 a - a +1 flail
 x - a cursed -3 whip (weapon)
   (You found it on level 4 of the Dungeon)
Armour
 b - a +0 scale mail (worn)
 c - a +1 shield (worn)
Jewellery
 q - an amulet of warding (around neck) {Ward, rN+, !d}
   (You took it off a hobgoblin on level 2 of the Dungeon)
 t - an uncursed ring of ice {unknown}
   (You found it on level 3 of the Dungeon)
 u - an uncursed ring of fire {unknown}
   (You took it off a goblin on level 3 of the Dungeon)
Scrolls
 g - 3 scrolls of teleportation {unknown}
 i - 2 scrolls of remove curse {unknown}
 l - a scroll of identify
 o - a scroll of noise {unknown}
Potions
 d - a potion of might
 f - a potion of brilliance {unknown}
 h - a potion of resistance {unknown}
 k - a potion of haste {unknown}
 n - a potion of poison {unknown}
 p - a potion of agility
 s - a potion of degeneration {unknown}
 v - a potion of curing {unknown}
Books
 w - a book of Spatial Translocations
   (You found it on level 4 of the Dungeon)
Comestibles
 e - a bread ration {@e1}
 j - 2 meat rations {@e2}
 m - a slice of pizza
 r - 2 beef jerkies


   Skills:
 + Level 4.7 Fighting
 + Level 3.8 Maces & Flails
 + Level 4.5 Armour
 + Level 5.0 Shields


You had 5 spell levels left.
You didn't know any spells.

Dungeon Overview and Level Annotations

Branches:
Dungeon (4/15)
 Temple: D:4-7

Altars:
Ashenzari
Trog


Innate Abilities, Weirdness & Mutations

You are resistant to torment.
Your stone body is resilient (AC +4).
You are immune to poison.
You resist negative energy.
You are resistant to electric shocks.
You can survive without breathing.
You are immune to petrification.
You are immune to rotting.


Message History

k - a golden potion A worm comes into view.
You block the worm's attack. You block the worm's attack.
The worm closely misses you. The worm bites you but does no damage.
You block the worm's attack. You block the worm's attack.
The worm barely misses you. The worm bites you!
You take 7 damage, and have 32/39 hp.
You block the worm's attack. The worm bites you.
You take 3 damage, and have 29/39 hp.
The worm bites you.
You take 3 damage, and have 26/39 hp.
You block the worm's attack. You block the worm's attack.
The worm bites you but does no damage. You block the worm's attack.
The worm closely misses you. You block the worm's attack.
The worm bites you but does no damage. The worm bites you but does no damage.
The worm bites you but does no damage. The worm bites you but does no damage.
You block the worm's attack. The worm bites you but does no damage.
You block the worm's attack. The worm bites you.
You take 6 damage, and have 23/39 hp.
The worm barely misses you. The worm bites you but does no damage.
You block the worm's attack. You block the worm's attack.
The worm barely misses you. The worm completely misses you. The worm bites you.
You take 2 damage, and have 23/39 hp.
The worm barely misses you. The worm bites you but does no damage.
You block the worm's attack.
A giant cockroach comes into view.
The worm bites you but does no damage. The worm bites you but does no damage.
You block the worm's attack. The worm bites you.
You take 5 damage, and have 19/39 hp.
You block the worm's attack.
You are feeling very hungry.
The worm closely misses you. You block the worm's attack. The worm bites you.
You take 1 damage, and have 19/39 hp.
The worm bites you but does no damage. You block the worm's attack.
The worm bites you.
You take 3 damage, and have 17/39 hp.
The worm completely misses you. The worm closely misses you.
The worm bites you.
You take 5 damage, and have 12/39 hp.
You block the worm's attack. You block the worm's attack.
You block the worm's attack. You block the worm's attack.
The giant cockroach waves its antennae.
The worm bites you but does no damage. You block the worm's attack.
You block the worm's attack. The worm bites you.
* * * LOW HITPOINT WARNING * * *
You block the worm's attack.
You take 5 damage, and have 9/39 hp.
The worm bites you but does no damage. The worm bites you.
* * * LOW HITPOINT WARNING * * *
You take 4 damage, and have 6/39 hp.
The worm bites you but does no damage. You block the worm's attack.
You block the worm's attack. The worm barely misses you.
You block the worm's attack. You block the worm's attack.
You block the worm's attack. You block the worm's attack.
The worm bites you but does no damage.
The giant cockroach waves its antennae.
The worm bites you but does no damage. You block the worm's attack.
The worm bites you!
* * * LOW HITPOINT WARNING * * *
You block the worm's attack.
You take 6 damage, and have 2/39 hp.
The worm bites you but does no damage. The worm bites you but does no damage.
The worm bites you but does no damage. You block the worm's attack.
The worm bites you.
You die...

#####
......##############
#.sw@...........#
#.#############.#
#.# #.# #.#
#######.#####
####............
###....##########.
.................#.


You could see a worm and a giant cockroach.

Vanquished Creatures
  An orc priest (D:3)
  2 hounds (D:4)
  Natasha (thrice) (D:3)
  2 worker ants (D:4)
  4 gnolls (D:2)
  3 adders
  An ooze (D:1)
  6 giant geckos
  4 orcs
  8 bats
  2 giant cockroaches
  13 goblins
  13 hobgoblins
  4 jackals (D:2)
  A quokka (D:2)
  A ball python (D:4)
  5 giant newts
  12 kobolds
  6 rats
91 creatures vanquished.

Notes
Turn   | Place    | Note
--------------------------------------------------------------
     0 | D:1      | MonkeyBuisness the Gargoyle Fighter began the quest for the Orb.
     0 | D:1      | Reached XP level 1. HP: 14/14 MP: 1/1
    53 | D:1      | Reached XP level 2. HP: 17/19 MP: 2/2
   382 | D:1      | Reached XP level 3. HP: 23/23 MP: 3/3
   694 | D:1      | Reached skill level 4 in Shields
   979 | D:2      | HP: 5/24 [gnoll/spear (1)]
  1015 | D:3      | HP: 6/24 [orc/mace of crushing (1)]
  1296 | D:2      | Reached XP level 4. HP: 29/29 MP: 4/4
  1673 | D:2      | Reached skill level 4 in Fighting
  1712 | D:2      | Reached skill level 3 in Maces & Flails
  2317 | D:3      | Reached skill level 4 in Armour
  2317 | D:3      | Reached XP level 5. HP: 23/33 MP: 5/5
  2444 | D:3      | Noticed Natasha
  2462 | D:3      | Killed Natasha
  2477 | D:3      | Noticed Natasha
  2487 | D:3      | Killed Natasha
  2658 | D:3      | Noticed Natasha
  2662 | D:3      | Killed Natasha
  2891 | D:4      | Reached XP level 6. HP: 36/39 MP: 6/6
  2926 | D:4      | Reached skill level 5 in Shields
  2941 | D:4      | Found a shattered altar of Ashenzari.
  3066 | D:4      | Found a bloodstained altar of Trog.
  3347 | D:4      | HP: 9/39 [worm (5)]
  3352 | D:4      | HP: 6/39 [worm (4)]
  3372 | D:4      | HP: 1/39 [worm (7)]
  3382 | D:4      | Slain by a worm

Vault maps used:
D:1:      dpeg_arrival_refuge, minmay_liquid_box
D:3:      uniq_natasha
D:4:      nicolae_ashenzari_panopticon, first_bread, trog_three_pillars_becter

Action                   |  1- 3 |  4- 6 || total
-------------------------+-------+-------++-------
Melee: Flail             |   103 |   248 ||   351
       Whip              |       |    23 ||    23
  Use: Scroll            |       |     5 ||     5
  Eat: Chunk             |       |     6 ||     6
       Pizza             |       |     1 ||     1

Vault maps used:
D:1:      dpeg_arrival_refuge, minmay_liquid_box
D:3:      uniq_natasha
D:4:      nicolae_ashenzari_panopticon, first_bread, trog_three_pillars_becter

Table legend:
 A = Turns spent in this place as a percentage of turns spent in the entire game.
 B = Non-inter-level travel turns spent in this place as a percentage of non-inter-level travel turns spent in the entire game.
 C = Inter-level travel turns spent in this place as a percentage of turns spent in this place.
 D = Turns resting spent in this place as a percentage of non-inter-level travel turns spent in this place.
 E = Turns spent auto-exploring this place as a percentage of non-inter-level travel turns spent in this place.
 F = Non-inter-level travel turns spent in this place divided by the number of levels of this place that you've seen.
                   A       B       C       D       E      F
               +-------+-------+-------+-------+-------+----------------------
         Total | 100.0 | 100.0 |   0.3 |   0.9 |   8.2 | 345.8
       Dungeon | 100.0 | 100.0 |   0.3 |   0.9 |   8.2 | 345.8
               +-------+-------+-------+-------+-------+----------------------

Table legend:
 A = Kills in this place as a percentage of kills in entire the game.
 B = Kills by you in this place as a percentage of kills by you in the entire game.
 C = Kills by friends in this place as a percentage of kills by friends in the entire game.
 D = Other kills in this place as a percentage of other kills in the entire game.
 E = Experience gained in this place as a percentage of experience gained in the entire game.
 F = Experience gained in this place divided by the number of levels of this place that you have seen.
                   A       B       C       D       E      F
               +-------+-------+-------+-------+-------+----------------------
         Total | 100.0 | 100.0 |  -nan |  -nan | 100.0 | 120.8
       Dungeon | 100.0 | 100.0 |  -nan |  -nan | 100.0 | 120.8
               +-------+-------+-------+-------+-------+----------------------
